 Dungeon Crawl Stone Soup version 0.27.1-34-g3ba077fa99 (webtiles) character file.

Game seed: 2979932002867721829

1234 4FPSwarrior the Chiller (level 8, -9/60 HPs)
             Began as a Vampire Ice Elementalist on Jan 16, 2022.
             Shot with an arrow by a centaur (13 damage)
             ... on level 6 of the Dungeon.
             The game lasted 00:20:28 (5945 turns).

4FPSwarrior the Chiller (Vampire Ice Elementalist)  Turns: 5945, Time: 00:20:28

Health: -9/60      AC:  3    Str:  7    XL:     8   Next: 24%
Magic:  14/14      EV: 12    Int: 19    God:
Gold:   251        SH:  0    Dex: 15    Spells: 8/16 levels left

rFire    . . .     SeeInvis +   i - +2 dagger (pain)
rCold    + . .     Faith    .   (no shield)
rNeg     . . .     Spirit   .   a - +0 robe
rPois    .         Reflect  .   (no helmet)
rElec    .         Harm     .   (no cloak)
rCorr    .         Rampage  .   b - +0 pair of gloves
Will     .....                  (no boots)
Stlth    ++........             (no amulet)
HPRegen  0.40/turn              f - ring of protection from cold
MPRegen  0.14/turn              (no ring)

@: brilliant, healing quickly
A: alive, fangs 3, see invisible, vampiric 2
a: Exsanguinate


You were on level 6 of the Dungeon.
You visited 1 branch of the dungeon, and saw 6 of its levels.

You collected 251 gold pieces.

Inventory:

Hand Weapons
 i - a +2 dagger of pain (weapon)
 x - a +0 trident of flaming
 A - a +0 long sword
Armour
 a - a +0 robe (worn)
 b - a +0 pair of gloves (worn)
Magical Staves
 v - a staff of death
Jewellery
 f - a ring of protection from cold (left hand)
Wands
 r - a wand of digging (2)
 t - a wand of iceblast (6)
 C - a wand of mindburst (19)
Scrolls
 c - a scroll of torment {unknown}
 d - a scroll of acquirement {unknown}
 g - a scroll of enchant armour {unknown}
 j - a scroll of teleportation {unknown}
 k - a scroll of magic mapping {unknown}
 l - a scroll of amnesia {unknown}
 m - a scroll of fog {unknown}
 n - a scroll of summoning {unknown}
 u - 2 scrolls of enchant weapon {unknown}
 y - a scroll of silence {unknown}
Potions
 e - 4 potions of attraction
 h - a potion of brilliance
 o - a potion of flight {unknown}
 p - a potion of heal wounds
 q - a potion of degeneration {unknown}
 s - a potion of cancellation {unknown}
 w - 2 potions of curing
 z - a potion of ambrosia {unknown}
 B - a potion of haste {unknown}


   Skills:
 + Level 3.9 Fighting
 - Level 2.1 Dodging
 - Level 3.0 Stealth
 + Level 4.5 Spellcasting
 + Level 3.9 Necromancy
 * Level 7.6 Ice Magic


You had 8 spell levels left.
You knew the following spells:

 Your Spells              Type           Power      Damage    Failure   Level
a - Freeze                Ice            100%       1d11      1%          1
b - Ozocubu's Armour      Ice            50%        N/A       1%          3
c - Frozen Ramparts       Ice            100%       1d12      1%          3
d - Pain                  Necr           100%       1d9       2%          1

Your spell library contained the following spells:

 Spells                   Type           Power      Damage    Failure   Level
 Animate Skeleton         Necr           58%        N/A       2%          1
 Vampiric Draining        Necr           14%        2d8       8%          3
 Corpse Rot               Necr/Air       N/A        N/A       9%          2
 Summon Small Mammal      Summ           24%        N/A       13%         1
 Dispel Undead            Necr           29%        3d13      26%         4
 Hailstorm                Conj/Ice       28%        3d8       26%         4
 Call Canine Familiar     Summ           6%         N/A       36%         3
 Summon Guardian Golem    Hex/Summ       6%         N/A       36%         3
 Death Channel            Necr           14%        N/A       98%         6


Dungeon Overview and Level Annotations

Branches:
Dungeon (6/15)
 Temple: D:4-7

Altars:
Nemelex Xobeh

Annotations:
D:5 exclusion: two-headed ogre


Innate Abilities, Weirdness & Mutations

Your natural rate of healing is accelerated.
You have razor-sharp teeth.
You have supernaturally acute eyesight. (SInv)
You are afflicted with vampirism and can become a bat while bloodless.


Message History

There is a stone staircase leading down here.
Found a jewelled flail.
Found 14 gold pieces.
You see here the +7 flail "Geoz" {drain, rF- rN+++ Str+3 Dex+2}.
A centaur comes into view.
The centaur wields a +0 shortbow.
The centaur shoots an arrow.
The arrow hits you!
The centaur shoots an arrow.
The arrow hits you.
A gnoll comes into view. It is wielding a +0 halberd.
The gnoll shouts!
You hear a shout!
The centaur shoots an arrow.
The arrow hits you.
The centaur shoots an arrow.
The arrow hits you!
The centaur shoots an arrow.
The arrow hits you!
Okay, then.
Okay, then.
A gnoll sergeant comes into view.
It is wielding a +2 trident of freezing.
The centaur shoots an arrow.
The arrow hits you.
* * * LOW HITPOINT WARNING * * *
A gnoll comes into view. It is wielding a +0 halberd.
The centaur shoots an arrow.
The arrow misses you.
Okay, then.
Unknown command.
It was a potion of brilliance.
You feel clever all of a sudden.
The centaur shoots an arrow.
The arrow hits you.
* * * LOW HITPOINT WARNING * * *
The gnoll closely misses you.
The centaur shoots an arrow.
The arrow hits you!
* * * LOW HITPOINT WARNING * * *
It was a potion of heal wounds.
You feel much better.
The centaur shoots an arrow.
The arrow barely misses you.
Found 3 scrolls labelled LISAPR IGHOIHAJUS.
The centaur shoots an arrow.
The arrow hits you!
The centaur shoots an arrow.
The arrow hits you!
* * * LOW HITPOINT WARNING * * *
The gnoll hits you from afar with a +0 halberd.
* * * LOW HITPOINT WARNING * * *
The centaur shoots an arrow.
The arrow hits you!
* * * LOW HITPOINT WARNING * * *
The centaur shoots an arrow.
The arrow hits you!
You die...

....#...#.#.#.#####.......
#...............#.......
####....#.#.###.#.......
#..#....#.#<..#.#.......
#.......#.#.#.#.#.......
#..#.##.........#.#......#
.. #'#....#.#.###.#..⌠.⌠..
# #....#.....)†).......
#...@###.####.⌠.....⌠
#....# #.# #....<...
#...g# ... ##.......
#..$.##... ##.....#
#cg..##... #######
#g...##.... #........
#.###.##. #.# .#


You could see a gnoll sergeant, a centaur and 2 gnolls.

Vanquished Creatures
  A black bear (D:5)
  An orc warrior (D:6)
  2 necrophages
  3 centaurs (D:5)
  2 phantoms
  A centaur zombie (D:4)
  A bullfrog skeleton (D:5)
  3 iguanas (D:5)
  An orc wizard (D:5)
  2 hound zombies (D:5)
  2 hound skeletons (D:4)
  2 howler monkey zombies (D:5)
  8 gnolls
  7 adders
  2 shadow imps
  A white imp (D:5)
  An adder skeleton (D:4)
  A worm (D:3)
  2 dart slugs
  13 orcs
  6 endoplasms
  2 giant cockroaches
  8 goblins
  6 hobgoblins
  3 jackals (D:3)
  6 kobolds
  4 quokkas
  3 ball pythons
  2 bats (D:1)
  6 frilled lizards
  6 rats
108 creatures vanquished.

Notes
Turn   | Place    | Note
-------+----------+-------------------------------------------
     0 | D:1      | 4FPSwarrior the Vampire Ice Elementalist began the quest
                  | for the Orb.
     0 | D:1      | Reached XP level 1. HP: 13/13 MP: 3/3
   430 | D:1      | Reached XP level 2. HP: 20/20 MP: 5/5
  1106 | D:2      | Reached skill level 1 in Fighting
  1106 | D:2      | Gained mutation: You are afflicted with vampirism and can
                  | become a bat while bloodless. [Vampire growth]
  1106 | D:2      | Reached XP level 3. HP: 22/26 MP: 1/6
  1158 | D:2      | Learned a level 3 spell: Ozocubu's Armour
  1239 | D:2      | Noticed a shining eye
  1243 | D:2      | Noticed an eye of devastation
  1248 | D:2      | Found a faded altar of an unknown god.
  1249 | D:2      | Noticed an eye of devastation
  1249 | D:2      | Noticed a golden eye
  1816 | D:2      | Learned a level 3 spell: Frozen Ramparts
  1847 | D:3      | Reached XP level 4. HP: 32/32 MP: 0/7
  2084 | D:3      | Reached skill level 5 in Ice Magic
  2573 | D:3      | Reached XP level 5. HP: 38/38 MP: 2/9
  2722 | D:3      | Learned a level 1 spell: Pain
  3036 | D:4      | Noticed a necrophage
  3054 | D:4      | Killed a necrophage
  3055 | D:4      | Reached skill level 1 in Necromancy
  3391 | D:4      | Reached XP level 6. HP: 41/45 MP: 10/10
  3441 | D:4      | Found a sparkling altar of Nemelex Xobeh.
  3747 | D:5      | Entered Level 5 of the Dungeon
  3973 | D:5      | Reached skill level 6 in Ice Magic
  4277 | D:4      | Reached XP level 7. HP: 42/51 MP: 3/12
  5039 | D:5      | Noticed a two-headed ogre
  5331 | D:5      | Reached skill level 7 in Ice Magic
  5693 | D:6      | Reached XP level 8. HP: 60/60 MP: 6/14
  5923 | D:6      | Identified the +7 flail "Geoz" {drain, rF- rN+++ Str+3
                  | Dex+2}
  5945 | D:6      | Shot with an arrow by a centaur

Illustrated notes

Levels and vault maps discovered:
D:1:      eino_arrival_druids_welcome, layout_basic
D:2:      layout_basic, hellmonk_ecumenical_altar_watching_god,
          roderic_roman_lattice
D:3:      layout_rooms, bh_walls_and_bars
D:4:      minmay_skewed_foursquare, layout_gridville, overflow_temple_1_default,
          minmay_misc_feat_alley
D:5:      layout_basic
D:6:      minmay_razor_zed, layout_basic, grunt_ministairs_9

Skill      XL: |  1  2  3  4  5  6  7 |
---------------+----------------------+-----
Fighting       | 1 2 3 |  3.9
Ice Magic      | 5 6 7 |  7.6
Spellcasting   | 3 4 |  4.5
Necromancy     | 1 2 3 |  3.9
Dodging        | |  2.1
Stealth        | |  3.0

Action                   |  1- 3 |  4- 6 |  7- 9 || total
-------------------------+-------+-------+-------++-------
Melee: Dagger            |     5 |    77 |    98 ||   180
       Bite              |       |     5 |    11 ||    16
 Cast: Freeze            |    60 |    43 |    13 ||   116
       Frozen Ramparts   |       |    17 |    18 ||    35
       Ozocubu's Armour  |       |     5 |     9 ||    14
       Pain              |       |       |     1 ||     1
  Use: Scroll            |       |     2 |       ||     2
       Potion            |       |       |     4 ||     4
 Stab: Sleeping          |     3 |     2 |     1 ||     6
Armor: Robe              |    10 |    22 |    55 ||    87
Dodge: Dodged            |    21 |    81 |    87 ||   189
